AoeStats
← armadeussallods

Migration

504419343Analyzed
1v1 RM · 27d ago on Sep 5, 2026· 78m 24s· 2 players
Game mode
Random Map
Map size
132×132
Population
200
Speed
Normal
Resources
Standard
Victory
Conquest
Starting age
Dark Age
Ending age
Imperial Age
RankedLock teamsTeams togetherTeam positionsShared explorationLock speedFull tech treeHidden civsTurbo modeCheats
Victory
Defeat
🇫🇷 Romans · France
194
+22
🇦🇺 Romans · Australia
341
-22
armadeussallods
0:31 Loom
12:50 Feudal Age
13:44 Double-Bit Axe
14:53 Wheelbarrow
14:03 Town Watch
14:44 Horse Collar
17:35 Fishing Lines
20:40 Gold Mining
22:23 Man-at-Arms
25:18 Scale Mail Armor
26:11 Forging
29:02 Castle Age
28:26 Stone Mining
30:09 Medium Warships
29:51 Gillnets
31:33 Hand Cart
31:19 Town Patrol
31:24 Long Swordsman
32:25 Chain Mail Armor
33:36 Bow Saw
33:29 Heavy Plow
34:28 Gold Shaft Mining
36:46 Squires
37:23 Iron Casting
44:02 Ballistics
44:24 Scale Barding Armor
46:01 Clinker Construction
49:43 Imperial Age
49:29 Careening
53:46 Conscription
54:16 Legionary
56:00 Blast Furnace
57:28 Heavy Warships
56:35 Elite Centurion
58:33 Comitatenses
61:47 Chemistry
61:10 Chain Barding Armor
62:21 Guard Tower
74:27 Plate Barding Armor
Scotty 1652
4:42 Loom
12:29 Feudal Age
14:37 Man-at-Arms
15:29 Gold Mining
23:12 Wheelbarrow
26:07 Castle Age
26:03 Double-Bit Axe
26:12 Stone Mining
26:43 Long Swordsman
28:08 Bow Saw
40:11 Fortified Wall
39:56 Murder Holes
44:36 Imperial Age
43:02 Ballistics
45:15 Hand Cart
47:56 Elite Centurion
56:22 Onager
58:07 Legionary
58:56 Squires
59:53 Gold Shaft Mining
63:26 Ballistas
63:49 Comitatenses
63:05 Sappers
63:59 Conscription
70:13 Demolition Ship
71:06 Medium Warships
71:20 Cavalier
78:24 Scale Mail Armor
78:35 Forging
78:33 Scale Barding Armor
Connection lost

Rejoining the realm…

Still unreachable

The connection could not be restored.

Session expired

The server has moved on; the page needs a fresh start.